 Dungeon Crawl Stone Soup version 0.27.0-65-ge2af304b15 (webtiles) character file.

Game seed: 4577871081165247572

23 loansindi the Conjurer (level 2, 0/20 HPs)
             Began as a Draconian Conjurer on Aug 18, 2021.
             Was a Follower of Fedhas.
             Slain by an adder (1 damage)
             ... on level 2 of the Dungeon.
             The game lasted 00:02:43 (1493 turns).

loansindi the Conjurer (Draconian Conjurer)         Turns: 1493, Time: 00:02:44

Health: 0/20       AC:  4    Str:  9    XL:     2   Next: 75%
Magic:  5/5        EV: 12    Int: 18    God:    Fedhas [*.....]
Gold:   42         SH:  0    Dex:  9    Spells: 4/5 levels left

rFire    . . .     SeeInvis .   d - +0 club
rCold    . . .     Faith    .   (no shield)
rNeg     . . .     Spirit   .   (armour unavailable)
rPois    .         Reflect  .   (helmet restricted)
rElec    .         Harm     .   (no cloak)
rCorr    .         Rampage  .   (no gloves)
Will     .....                  (no boots)
Stlth    +.........             (no amulet)
HPRegen  0.06/turn              (no ring)
MPRegen  0.09/turn              (no ring)

@: silenced
A: AC +4, unfitting armour, cold-blooded
a: Renounce Religion


You were on level 2 of the Dungeon.
You worshipped Fedhas.
Fedhas was aware of your devotion.
You visited 1 branch of the dungeon, and saw 2 of its levels.

You collected 42 gold pieces.

Inventory:

Hand Weapons
 d - a +0 club (weapon)
Armour
 b - a +0 leather armour
 f - a +0 robe
Potions
 e - a potion of lignification {unknown}
 g - a potion of cancellation {unknown}


   Skills:
 + Level 0.2 Maces & Flails
 + Level 1.8 Dodging
 + Level 2.2 Stealth
 + Level 2.3 Spellcasting
 + Level 4.3 Conjurations


You had 4 spell levels left.
You knew the following spells:

 Your Spells              Type           Power      Damage    Failure   Level
a - Magic Dart            Conj           68%        1d6       3%          1

Your spell library contained the following spells:

 Spells                   Type           Power      Damage    Failure   Level
 Searing Ray              Conj           34%        3d4       4%          2
 Animate Skeleton         Necr           4%         N/A       19%         1
 Pain                     Necr           8%         1d4       19%         1
 Dazzling Flash           Conj/Hex       18%        N/A       22%         3
 Vampiric Draining        Necr           1%         2d6       47%         3
 Fulminant Prism          Conj/Hex       4%         3d6       56%         4
 Iskenderun's Mystic Bla  Conj/Tloc      9%         2d4       56%         4


Dungeon Overview and Level Annotations

Branches:
Dungeon (2/15)

Altars:
Fedhas


Innate Abilities, Weirdness & Mutations

Your plain brown scales are hard. (AC +4)
You cannot fit into any form of body armour.
You are cold-blooded and may be slowed by cold attacks.


Message History

The frilled lizard bites you.
You barely miss the frilled lizard. The frilled lizard closely misses you.
The frilled lizard bites you but does no damage.
You completely miss the frilled lizard. The frilled lizard bites you.
You barely miss the frilled lizard.
The frilled lizard bites you but does no damage.
You hit the frilled lizard.
Your tail-slap misses the frilled lizard.
The frilled lizard is heavily wounded.
The frilled lizard bites you but does no damage.
The frilled lizard bites you.
You barely miss the frilled lizard.
Your tail-slap misses the frilled lizard.
The frilled lizard is heavily wounded.
The frilled lizard bites you.
You closely miss the frilled lizard.
The frilled lizard is heavily wounded.
The frilled lizard bites you but does no damage.
You closely miss the frilled lizard.
The frilled lizard is heavily wounded.
The frilled lizard barely misses you.
You hit the frilled lizard.
You kill the frilled lizard!
Fedhas appreciates your contribution to the ecosystem.
The jackal pauses to sniff the ground.
The adder bites you.
You barely miss the adder. The adder misses you. The adder closely misses you.
You barely miss the adder.
Your tail-slap misses the adder.
The adder closely misses you.
You barely miss the adder. The adder misses you. The adder closely misses you.
You barely miss the adder. The adder bites you. x2
* * * LOW HITPOINT WARNING * * *
You closely miss the adder. The adder bites you.
* * * LOW HITPOINT WARNING * * *
You are too injured to fight recklessly!
As you read the scroll labelled KIUFRO QIECVA, it crumbles to dust.
A profound silence engulfs you.
It was a scroll of silence.
The adder misses you. The adder bites you.
You die...
Fedhas appreciates your contribution to the ecosystem.

...# ..... ...>. ..#.#
#.#.# #.#.# #.#.#
#<#.#############.#..#
#....†.....ShS@......#
#.#.##......#####.##.#
#.#.##......#
#.#.##......#
#.#.##......# ###.
..#.##......++#....
###.##.............
..##.....#.......
##.#...#.......


You could see an adder, a jackal and a ball python.

Vanquished Creatures
  A dart slug (D:1)
  2 ball pythons (D:1)
  An endoplasm (D:1)
  A giant cockroach (D:1)
  2 goblins (D:1)
  2 hobgoblins
  A kobold (D:1)
  3 quokkas
  4 frilled lizards
  2 rats (D:1)
19 creatures vanquished.

Notes
Turn   | Place    | Note
-------+----------+-------------------------------------------
     0 | D:1      | loansindi the Draconian Conjurer began the quest for the
                  | Orb.
     0 | D:1      | Reached XP level 1. HP: 14/14 MP: 3/3
   704 | D:1      | Reached XP level 2. HP: 20/20 MP: 1/5
   860 | D:1      | Found a faded altar of an unknown god.
   879 | D:1      | Became a worshipper of Fedhas Madash
   879 | D:1      | Reached * piety under Fedhas
  1492 | D:2      | HP: 1/20 [adder (4)]
  1493 | D:2      | Slain by an adder

Illustrated notes

Levels and vault maps discovered:
D:1:      eino_arrival_water_cross, layout_basic,
          dreamdust_ecumenical_altar_hidden_monk_grotto
D:2:      layout_basic, serial_shops, nicolae_shop_waterfront,
          minmay_misc_feat_four_crosses, minmay_nonomino_d4, uniq_terence

Skill      XL: |  1 |
---------------+----+-----
Stealth        | 2 |  2.2
Maces & Flails | |  0.2
Dodging        | |  1.8
Spellcasting   | |  2.3
Conjurations   | |  4.3

Action                   || total
-------------------------++-------
Melee: Club              ||    48
       Unarmed           ||     6
       Tailslap          ||     1
 Cast: Magic Dart        ||    33
  Use: Potion            ||     2
       Scroll            ||     1
Armor: Skin              ||    32
Dodge: Dodged            ||    46
